[Event "German Bundesliga 2023-24"]
[Site "Germany"]
[Date "2024.02.23"]
[Round "9.40"]
[White "Wegerle, Joerg"]
[Black "Gungl, Theo"]
[Result "1-0"]
[ECO "D13"]
[WhiteElo "2405"]
[BlackElo "2372"]
[Annotator "TA"]
[PlyCount "73"]
[EventDate "2023.10.20"]
[EventType "team-tourn"]
[EventCountry "GER"]
[SourceTitle "playchess.com"]
[Source "ChessBase"]
[SourceQuality "1"]
[TimeControl "40/6000+30:3000+30"]

1. c4 c6 2. d4 d5 3. cxd5 cxd5 4. Nc3 Nf6 5. Bf4 Nc6 6. e3 a6 7. Bd3 e6 8. Nf3 Be7 9. h3 Bd7 10. O-O O-O 11. Rc1 Qa5 12. Ne5 Rfc8 13. Bg5 Be8 $1 {[%emt 0:01:28] White is slightly better.} 14. f4 b5 ({Better is} 14... Qb4 $14) 15. Bxf6 (15. f5 $16 Qd8 16. fxe6 fxe6 17. Ng4) 15... Bxf6 $14 16. Ng4 Bd8 (16... Qd8 $14) 17. f5 $18 {[%emt 0:07:05] fxe6 is the strong threat.} Qc7 18. Qf3 (18. Nh6+ $1 $18 {and the rest is easy.} gxh6 19. Qg4+ Kf8 20. f6 (20. fxe6 f6 $18) 20... Bxf6 21. Rxf6) 18... Qd6 $16 19. f6 {[%emt 0:07:43][%cal Og4h6] Inhibits Be7.} g6 (19... h5 $2 20. Nh6+ gxh6 21. Qxh5 Bxf6 22. Rxf6 $18) 20. Nh6+ Kh8 21. Qg4 $1 {[%emt 0:02:04][%cal Od3g6] Threatens to win with Bxg6!} Qf8 22. Qg5 {[%emt 0:02:29] White has more active pieces.} Rc7 (22... Nb8 $16 23. Nxd5 Nd7 (23... Rxc1 24. Rxc1 Nd7 25. Ne7 $18)) 23. Rf4 $2 (23. Ne2 $18) 23... Nb8 24. Rcf1 Nd7 ({Black should play} 24... b4 25. Ne2 Nd7) 25. Ng4 Rac8 26. Ne2 Rc6 {[%emt 0:01:22] [#]} 27. Ne5 (27. R4f2 $1 $18) 27... Nxe5 (27... Rc2 $16) 28. dxe5 $18 (28. Qxe5 Qh6 (28... Bc7 $2 29. Qg5 $19) 29. Rg4 Bc7 $17) 28... Bb6 {[%emt 0:00:28] [#]} 29. Rh4 $1 $40 {[%emt 0:02:05][%mdl 128] White goes for the king.} Kg8 $2 (29... Rc2 {was called for.}) 30. Kh1 Bc7 $2 (30... Kh8 {might work better.} 31. Rh6 R8c7) 31. Nd4 Rc5 32. Nf3 Bb6 (32... Bxe5 $18 33. Qxe5 (33. Nxe5 Rc1 $18) 33... d4) 33. Rh6 (33. Rxh7 $142 Rc4 34. Bxc4 (34. Rg7+ Qxg7 35. fxg7 Kxg7 $18) 34... Rxc4 35. g4 (35. Rg7+ Qxg7 36. fxg7 Bxe3 $18) 35... Rxg4 36. hxg4 (36. Rxf7 Qxf7 37. hxg4 Qa7 $18) 36... Kxh7 37. Qh4+ Kg8 38. Ng5) 33... Rc4 34. b3 Bxe3 35. Qxe3 Rc3 {[%emt 0:00:06] [#]} 36. Qf4 $1 Rxd3 (36... Rc1 37. Rxc1) 37. Qh4 {[%emt 0:00:05] Weighted Error Value: White=0.34/Black=0.84.  Loses game:     	---       	Black=1      Missed win:     	White=1     	---        Mistake:       	White=4     	Black=7      OK:         	White=7     	Black=3      Best:        	White=1     	Black=4      Strong:       	White=2     	Black=1} 1-0

[Event "German Bundesliga 2023-24"]
[Site "Germany"]
[Date "2024.02.23"]
[Round "9.41"]
[White "Livaic, Leon"]
[Black "Gledura, Benjamin"]
[Result "1/2-1/2"]
[ECO "B52"]
[WhiteElo "2549"]
[BlackElo "2633"]
[Annotator "TA"]
[PlyCount "69"]
[EventDate "2023.10.20"]
[EventType "team-tourn"]
[EventCountry "GER"]
[SourceTitle "playchess.com"]
[Source "ChessBase"]
[SourceQuality "1"]
[TimeControl "40/6000+30:3000+30"]

1. e4 c5 2. Nf3 d6 3. Bb5+ Bd7 4. Bxd7+ Nxd7 5. O-O e6 6. b3 Be7 7. Bb2 Bf6 8. d4 cxd4 9. Bxd4 Ne7 10. Bxf6 Nxf6 11. Re1 O-O 12. c4 a6 13. Nc3 Qc7 14. Rc1 Rfd8 15. Qe2 Qa5 16. e5 Ne8 17. Qe4 Rab8 18. Red1 b5 19. cxb5 axb5 20. b4 Qa3 21. Nd4 Rdc8 (21... Qxb4 {with more complications.} 22. Nf5 Qxe4 23. Nxe7+ Kf8) 22. exd6 (22. Ncxb5 $2 {too greedy.} Rxc1 (22... Qxb4 23. Rxc8 Rxc8 24. exd6 $11) (22... Qxc1 $2 23. Qe1 $19) 23. Qg4 Qb2 $19 (23... Qxa2 $2 24. Rxc1 dxe5 25. Qg5 $19) (23... Rxd1+ $2 24. Qxd1 Qxb4 25. exd6 $19)) (22. Ndxb5 $2 Rxb5 23. exd6 Nxd6 (23... Rxc3 $2 24. Rxc3 Qxc3 25. d7 $19) (23... Rxb4 24. Qd3 $15) 24. Nxb5 Rxc1 $19) 22... Nxd6 23. Qf4 Qxb4 (23... Rxc3 $2 {is the wrong capture.} 24. Rxc3 Qxc3 25. Qxd6 $18) 24. Nxe6 $1 Qxf4 25. Nxf4 Nc4 26. Nfd5 (26. Nxb5 $5 g6 (26... Rxb5 27. Rxc4 Ra8 28. a4 $16) 27. Nd4 $14) 26... Nxd5 {[%emt 0:00:42] The position is equal.} 27. Nxd5 Kf8 {[%emt 0:00:37] Repels Ne7} 28. g3 Ra8 29. Rb1 Rxa2 30. Rxb5 Rb2 31. Rxb2 Nxb2 32. Rd2 Nc4 33. Rc2 Nd6 34. Rxc8+ Nxc8 35. Kg2 {[%emt 0:00:06] An even fight not without its subleties.   Weighted Error Value: White=0.03 (flawless) /Black=0.02 (flawless) .  Inaccurate:     	White=1     	Black=1      OK:         	White=15    	Black=13     Strong:       	White=1     	---} 1/2-1/2

[Event "German Bundesliga 2023-24"]
[Site "Germany"]
[Date "2024.02.23"]
[Round "9.42"]
[White "Pavlidis, Antonios"]
[Black "Kraemer, Martin"]
[Result "1-0"]
[ECO "B55"]
[WhiteElo "2566"]
[BlackElo "2579"]
[Annotator "TA"]
[PlyCount "63"]
[EventDate "2023.10.20"]
[EventType "team-tourn"]
[EventCountry "GER"]
[SourceTitle "playchess.com"]
[Source "ChessBase"]
[SourceQuality "1"]
[TimeControl "40/6000+30:3000+30"]

1. e4 c5 2. Nf3 d6 3. d4 cxd4 4. Nxd4 Nf6 5. f3 e5 6. Nb3 d5 7. Bg5 Be6 8. Bxf6 gxf6 9. exd5 Qxd5 10. Qxd5 Bxd5 11. Nc3 Be6 12. O-O-O Nd7 13. Nb5 {[%emt 0:07:17] Black must now prevent Nc7+.} Bh6+ 14. Kb1 {[%emt 0:00:47] Threatens to win with Nc7+.} Ke7 15. Nc7 Rad8 16. Nd5+ Bxd5 $1 17. Rxd5 Nc5 {[%emt 0:00:10] Wards off Bd3} 18. Bc4 (18. Rxc5 $2 {leads to mate.} Rd1+) 18... Rxd5 19. Bxd5 Rd8 20. Bxf7 Kxf7 21. Nxc5 $11 {[%emt 0:00:29][%cal Oc5d3][%mdl 4096] Endgame. KRB-KRN} Rd2 22. g4 $1 ({Much worse is} 22. Nxb7 Rxg2 23. Nd6+ Ke6 $11) 22... Rf2 23. Nxb7 Be3 24. Nd6+ Ke6 25. Nf5 Bc5 26. Nh4 a5 27. c3 (27. a4 $16) 27... a4 28. a3 Kd5 29. Ka2 Kc4 30. Re1 Rxh2 31. Re4+ Kd5 32. g5 $2 {[%emt 0:03:22][%mdl 32768] Weighted Error Value: White=0.12 (very precise) /Black=0.07 (flawless) .  Loses game:     	White=1     	---        Mistake:       	White=1     	---        Inaccurate:     	White=1     	Black=4      OK:         	White=5     	Black=10     Best:        	White=2     	Black=2      Strong:       	White=1     	Black=1     . Loss on time!?} (32. Nf5 $14 {is the one way to stay ahead.}) 1-0

[Event "German Bundesliga 2023-24"]
[Site "Germany"]
[Date "2024.02.23"]
[Round "9.43"]
[White "Neugebauer, Martin"]
[Black "Plat, Vojtech"]
[Result "1/2-1/2"]
[ECO "B06"]
[WhiteElo "2529"]
[BlackElo "2503"]
[Annotator "TA"]
[PlyCount "96"]
[EventDate "2023.10.20"]
[EventType "team-tourn"]
[EventCountry "GER"]
[SourceTitle "playchess.com"]
[Source "ChessBase"]
[SourceQuality "1"]
[TimeControl "40/6000+30:3000+30"]

1. e4 g6 2. d4 Bg7 3. Nc3 d5 4. exd5 Nf6 5. Bc4 Nbd7 6. Bb3 {[%emt 0:01:08] B06: Modern Defence.} Nb6 7. Qf3 Bg4 8. Qg3 Bf5 9. Nf3 a5 10. a4 Nbxd5 11. Nxd5 Nxd5 12. O-O O-O 13. Re1 Ra6 $146 ({Predecessor:} 13... c6 14. Bg5 h6 15. Bd2 Nf6 16. h3 e6 17. Rad1 Ne4 18. Qh2 Nxd2 19. Rxd2 g5 {½-½ Evans,W (2418)-Mercadal Benejam,J (2413) ENG-ESP email 2011 [2]}) 14. Qh4 e6 15. h3 Rc6 16. Re2 f6 17. Qg3 Ne7 18. c3 g5 19. Nd2 Kh8 20. Ne4 b6 (20... Ng6 $142) 21. Qf3 (21. h4 $16) 21... Bg6 $14 22. Bd2 e5 23. Rae1 Qd7 (23... exd4 $2 {too greedy.} 24. Ng3 dxc3 25. Bxc3 (25. Rxe7 cxd2 26. Qxc6 dxe1=N $17) 25... Rxc3 26. bxc3 $18 (26. Qxc3 f5 $18)) (23... h6 $1 $11 {remains equal.}) 24. Ng3 (24. dxe5 $16 fxe5 25. Qg4 Qxg4 26. hxg4) 24... Rd6 $11 25. Bc1 Nf5 (25... Nc6 $1 $11 {keeps the balance.}) 26. Nxf5 $16 Bxf5 27. dxe5 fxe5 28. Qg3 (28. Bxg5 Bd3 (28... Bc2 29. Qxf8+ Bxf8 30. Bxc2 $16) 29. Qe3 Bxe2 30. Rxe2 b5) 28... h6 29. f3 ({White should try} 29. h4 $1 $14) 29... Bg6 (29... Bf6 $11) 30. h4 $1 $14 gxh4 31. Qxh4 Bh7 {[%emt 0:00:06] [#]} (31... Bd3 $14) 32. Bc2 ({White should play} 32. f4 $1 $16 e4 33. g4) 32... Bxc2 $14 33. Rxc2 Qf5 34. Rce2 Rg6 35. Rf1 Rg8 36. Qh2 (36. Qe4 $14 Qxe4 37. Rxe4) 36... Kh7 37. Kh1 Bf6 38. g4 Qd3 39. Ree1 e4 40. fxe4 (40. Qe2 {simplifies} Qxe2 41. Rxe2 exf3 42. Rxf3 R8g7 43. Rf5) 40... Bg7 41. g5 Rf8 42. Rxf8 Bxf8 43. Qe2 Qg3 44. Rg1 $1 Qh3+ 45. Qh2 Qf3+ 46. Qg2 Qh5+ 47. Qh2 Qf3+ 48. Qg2 Qh5+ 1/2-1/2

[Event "German Bundesliga 2023-24"]
[Site "Germany"]
[Date "2024.02.23"]
[Round "9.44"]
[White "Burg, Twan"]
[Black "Krejci, Jan"]
[Result "1/2-1/2"]
[ECO "C92"]
[WhiteElo "2530"]
[BlackElo "2517"]
[Annotator "TA"]
[PlyCount "42"]
[EventDate "2023.10.20"]
[EventType "team-tourn"]
[EventCountry "GER"]
[SourceTitle "playchess.com"]
[Source "ChessBase"]
[SourceQuality "1"]
[TimeControl "40/6000+30:3000+30"]

1. e4 e5 2. Nf3 Nc6 3. Bb5 a6 4. Ba4 Nf6 5. O-O Be7 6. Re1 b5 7. Bb3 d6 8. c3 O-O 9. h3 Bb7 10. d4 Re8 11. Ng5 Rf8 12. Nf3 Re8 13. Nbd2 exd4 14. cxd4 Nd7 15. Nf1 Na5 {[%emt 0:00:28] White has an edge.} 16. Bc2 Bf6 17. Ng3 g6 $1 {[%emt 0:00:29] Dodges Nf5} 18. Rb1 c5 19. d5 Nc4 20. b3 Nce5 21. Nh2 {[%emt 0:00:19] Strongly threatening f4.} Nb6 {[%emt 0:00:25] Weighted Error Value: White=0.00 (flawless) /Black=0.00 (flawless) .  OK:         	White=5     	Black=5      Strong:       	---       	Black=1} 1/2-1/2

[Event "German Bundesliga 2023-24"]
[Site "Germany"]
[Date "2024.02.23"]
[Round "9.45"]
[White "Kraus, Tomas"]
[Black "Swinkels, Robin"]
[Result "1/2-1/2"]
[ECO "B52"]
[WhiteElo "2491"]
[BlackElo "2515"]
[Annotator "TA"]
[PlyCount "41"]
[EventDate "2023.10.20"]
[EventType "team-tourn"]
[EventCountry "GER"]
[SourceTitle "playchess.com"]
[Source "ChessBase"]
[SourceQuality "1"]
[TimeControl "40/6000+30:3000+30"]

1. e4 c5 2. Nf3 d6 3. Bb5+ Bd7 4. Bxd7+ Nxd7 5. O-O Ngf6 6. Qe2 e6 7. d4 cxd4 8. Nxd4 a6 9. c4 Qa5 10. Rd1 Be7 11. b3 O-O 12. Bb2 Rfe8 13. Nc3 {[%emt 0:02:21] The position is equal.} Bf8 14. Re1 Ne5 15. Nf3 Rad8 16. a3 Ng6 17. Rad1 Qh5 18. Nd4 Qg5 19. Nf3 Qh5 20. Nd4 Qg5 21. Nf3 {[%emt 0:02:06] A rather calm draw.   Weighted Error Value: White=0.07 (flawless) /Black=0.04 (flawless) .  OK:         	White=4     	Black=3} 1/2-1/2

[Event "German Bundesliga 2023-24"]
[Site "Germany"]
[Date "2024.02.23"]
[Round "9.46"]
[White "Cyborowski, Lukasz"]
[Black "Ferreira, Jorge Viterbo"]
[Result "1/2-1/2"]
[ECO "D37"]
[WhiteElo "2479"]
[BlackElo "2525"]
[Annotator "TA"]
[PlyCount "40"]
[EventDate "2023.10.20"]
[EventType "team-tourn"]
[EventCountry "GER"]
[SourceTitle "playchess.com"]
[Source "ChessBase"]
[SourceQuality "1"]
[TimeControl "40/6000+30:3000+30"]

1. d4 d5 2. Nf3 e6 3. c4 Nf6 4. Nc3 h6 5. Bf4 Bd6 6. Bxd6 Qxd6 7. e3 O-O 8. Rc1 {[%emt 0:03:49] White is slightly better.} Qe7 9. Be2 dxc4 10. Bxc4 c5 {[%emt 0:00:41] The position is equal.} 11. dxc5 Qxc5 12. Bb3 Nc6 13. O-O Qa5 14. Qe2 Bd7 15. Rfd1 Rfd8 16. Rd2 Be8 17. Rcd1 Rxd2 18. Qxd2 Rd8 19. Qe2 Kf8 20. h3 Rxd1+ {[%emt 0:05:30] Weighted Error Value: White=0.06 (flawless) /Black=0.04 (flawless) .  Inaccurate:     	White=1     	---        OK:         	White=1     	Black=8} 1/2-1/2

[Event "German Bundesliga 2023-24"]
[Site "Germany"]
[Date "2024.02.23"]
[Round "9.47"]
[White "Winterberg, Lukas"]
[Black "Jaracz, Pawel"]
[Result "1/2-1/2"]
[ECO "D15"]
[WhiteElo "2410"]
[BlackElo "2472"]
[Annotator "TA"]
[PlyCount "22"]
[EventDate "2023.10.20"]
[EventType "team-tourn"]
[EventCountry "GER"]
[SourceTitle "playchess.com"]
[Source "ChessBase"]
[SourceQuality "1"]
[TimeControl "40/6000+30:3000+30"]

1. d4 d5 2. Nf3 Nf6 3. c4 c6 4. Nc3 e6 5. e3 a6 6. a4 c5 {[%emt 0:01:51] The position is equal.} 7. dxc5 Bxc5 8. cxd5 exd5 9. Bd3 Nc6 10. h3 O-O 11. O-O Be6 {[%emt 0:13:58] Not much happened in this game.   Weighted Error Value: White=0.09 (flawless) /Black=0.03 (flawless) .  OK:         	White=1     	Black=2} 1/2-1/2

[Event "German Bundesliga 2023-24"]
[Site "Germany"]
[Date "2024.02.23"]
[Round "9.48"]
[White "Vandenbussche, Thibaut"]
[Black "Tica, Sven"]
[Result "1/2-1/2"]
[ECO "B12"]
[WhiteElo "2434"]
[BlackElo "2444"]
[Annotator "TA"]
[PlyCount "124"]
[EventDate "2023.10.20"]
[EventType "team-tourn"]
[EventCountry "GER"]
[SourceTitle "playchess.com"]
[Source "ChessBase"]
[SourceQuality "1"]
[TimeControl "40/6000+30:3000+30"]

1. e4 c6 2. d4 d5 3. e5 Bf5 4. g4 Bd7 5. Be3 Qc7 6. Nc3 {[%emt 0:00:49] B12: Caro-Kann: Advance Variation.} h5 $146 ({Predecessor:} 6... e6 7. f4 c5 8. Nf3 a6 9. a3 Qb6 10. Bg2 h5 11. gxh5 Qxb2 12. Bd2 cxd4 13. Nxd4 {0-1 Hoolt,S (2252)-Van Foreest,J (2519) Lueneburg op-A 2015 (5)}) 7. gxh5 Nh6 8. Bd3 Bg4 9. Be2 Bf5 10. Nf3 e6 11. Qd2 Bg4 12. Ng1 Bf5 13. O-O-O a6 14. Nf3 Bg4 15. Nh4 Bxe2 16. Nxe2 c5 17. dxc5 Ng4 18. Bd4 Rxh5 19. Nf3 Nc6 20. h3 Ngxe5 21. Nxe5 Nxe5 22. Qc3 Nd7 23. Bxg7 Qxc5 24. Qxc5 Bxc5 25. Bd4 Ke7 26. h4 Rg8 27. Ng3 Rh6 28. Rhe1 Kd6 (28... Rxh4 $2 29. Nf5+ Kd8 30. Nxh4 $18) 29. h5 Bxd4 30. Rxd4 Nf6 31. Rf4 Rg5 32. a4 a5 33. Re3 Ng4 34. Rb3 f5 35. Rxb7 Ke5 (35... Nxf2 36. Nxf5+ exf5 (36... Rxf5 $2 37. Rxf5 Kc6 38. Ra7 $18) 37. Rxf2 Rgxh5 38. Rxf5) 36. Rf3 Nxf2 37. Rxf2 Rxg3 38. Re2+ Kf4 39. Rb6 Re3 (39... Rxh5 40. Rbxe6 Kg4 41. Rf2) 40. Rf2+ (40. Rxe3 $11 {remains equal.} Kxe3 41. b4) 40... Kg3 (40... Kg4 $17 41. b4 axb4 (41... Rxh5 42. bxa5 Re1+ 43. Kd2 $11) (41... Kxh5 42. Rh2+ Kg5 43. Rxh6 $11) 42. Rg2+ Kf3 (42... Kxh5 43. Rb8 $11)) 41. Rxf5 $11 exf5 42. Rxh6 f4 43. Kd2 Re5 44. Rh8 Kf2 45. h6 f3 46. h7 Re2+ $2 (46... Re7 $1 $11 {and Black is okay.}) 47. Kd3 $18 Re7 {[%emt 0:00:25] [#]} 48. c3 $1 Rf7 49. b4 Kf1 50. bxa5 $2 (50. Kd4 $18) 50... f2 $11 51. Kd2 Re7 52. a6 Re2+ 53. Kd3 Re7 54. Kd2 Re2+ 55. Kd3 Re7 56. a7 Rxa7 57. Kd4 Rxa4+ 58. Kxd5 Rh4 59. c4 Ke2 60. Re8+ Kd3 (60... Kd2 $5 61. Rf8 $8 (61. h8=R $2 {loses.} Rxh8 62. Rxh8 f1=Q $19) 61... Ke3 $11) 61. Rf8 Rxh7 62. Rxf2 Rh5+ 1/2-1/2

[Event "German Bundesliga 2023-24"]
[Site "Germany"]
[Date "2024.02.23"]
[Round "9.49"]
[White "Pfreundt, Jakob"]
[Black "Nisipeanu, Liviu-Dieter"]
[Result "1/2-1/2"]
[ECO "C02"]
[WhiteElo "2455"]
[BlackElo "2600"]
[Annotator "TA"]
[PlyCount "76"]
[EventDate "2023.10.20"]
[EventType "team-tourn"]
[EventCountry "GER"]
[SourceTitle "playchess.com"]
[Source "ChessBase"]
[SourceQuality "1"]
[TimeControl "40/6000+30:3000+30"]

1. e4 e6 2. d4 d5 3. e5 c5 4. c3 Nc6 5. Nf3 Bd7 6. Be2 f6 7. O-O fxe5 8. Nxe5 Nxe5 9. dxe5 Qc7 10. Re1 O-O-O 11. Nd2 Ne7 12. Nf3 h6 {[%emt 0:02:41] Dodges Ng5} 13. h4 (13. b4 $11) 13... Nc6 14. Bf4 Be8 15. Bg3 Bh5 16. Qa4 Qa5 17. Qc2 Be7 18. b4 Qc7 19. b5 Na5 20. Nd4 cxd4 21. Bxh5 dxc3 {[%emt 0:00:10] And now ...Kb8 would win.} 22. Bf7 Kb8 {[%emt 0:11:50] ...d4 is the strong threat.} 23. Bxe6 d4 (23... Ka8 $11) 24. Bf5 $1 $14 {[%emt 0:00:37] aiming for e6. A strong pair of Bishops.} Ka8 25. e6 Qb6 ({Black should play} 25... Qc5 $14) 26. Bd3 $16 Rhe8 (26... g5 $142) 27. Re4 ({Better is} 27. Qa4 $1 $16) 27... Bf6 (27... Bd6 $14) 28. Rae1 Re7 29. Qa4 Rc8 30. R1e2 a6 (30... Qd8 $16 {might work better.}) 31. bxa6 $18 bxa6 {[%emt 0:00:06] [#]} 32. Bd6 $2 Qxd6 $11 33. Qxa5 Ka7 34. g3 Rb8 35. Kg2 {[%emt 0:00:32] The position is equal.} Rb2 (35... Qc6 $5) 36. Qf5 Qc6 {[%emt 0:01:05] ...Rxe2 would now be deadly.} 37. Rxb2 cxb2 38. Kh2 Rc7 {[%emt 0:06:26] Weighted Error Value: White=0.15 (very precise) /Black=0.24 (precise) .  Missed win:     	White=1     	---        Mistake:       	White=2     	Black=5      Inaccurate:     	---       	Black=2      OK:         	White=14    	Black=11     Best:        	White=4     	---        Strong:       	White=1     	---} 1/2-1/2

[Event "German Bundesliga 2023-24"]
[Site "Germany"]
[Date "2024.02.23"]
[Round "9.50"]
[White "Bartel, Mateusz"]
[Black "Petkidis, Anthony"]
[Result "1/2-1/2"]
[ECO "B10"]
[WhiteElo "2651"]
[BlackElo "2429"]
[Annotator "TA"]
[PlyCount "52"]
[EventDate "2023.10.20"]
[EventType "team-tourn"]
[EventCountry "GER"]
[SourceTitle "playchess.com"]
[Source "ChessBase"]
[SourceQuality "1"]
[TimeControl "40/6000+30:3000+30"]

1. e4 c6 2. Nf3 d5 3. d3 dxe4 4. dxe4 Qxd1+ 5. Kxd1 Nf6 6. Nbd2 g6 7. a4 Bg4 8. c3 {[%emt 0:12:16] The position is equal.} Bxf3+ 9. gxf3 Bh6 $1 10. Nc4 Bxc1 11. Kxc1 Nbd7 12. Kd2 Nb6 13. a5 (13. Ke3 $11) 13... Nxc4+ $15 14. Bxc4 e5 15. b4 Ke7 16. Kc2 Rhd8 17. Rhd1 Nh5 18. b5 cxb5 19. Bxb5 Nf4 20. Rab1 (20. Ba4 $15) 20... Rxd1 $17 21. Rxd1 {[%emt 0:00:08][%mdl 4096] Endgame. KRB-KRN} Rd8 {[%emt 0:03:46] Repels Rd7+} 22. Rb1 {[%emt 0:00:04] [#]} Rc8 $1 23. Ba4 Rc7 24. Kd2 {[%emt 0:02:15] Black is slightly better.} Kd8 25. Rb5 f6 26. Bb3 Kc8 {[%emt 0:14:14] Weighted Error Value: White=0.12 (very precise) /Black=0.04 (flawless) .  Mistake:       	White=2     	---        Inaccurate:     	---       	Black=1      OK:         	White=5     	Black=10     Best:        	---       	Black=2      Strong:       	---       	Black=2} 1/2-1/2

[Event "German Bundesliga 2023-24"]
[Site "Germany"]
[Date "2024.02.23"]
[Round "9.51"]
[White "Abel, Dennes"]
[Black "Gajewski, Grzegorz"]
[Result "1-0"]
[ECO "A17"]
[WhiteElo "2404"]
[BlackElo "2561"]
[Annotator "TA"]
[PlyCount "131"]
[EventDate "2023.10.20"]
[EventType "team-tourn"]
[EventCountry "GER"]
[SourceTitle "playchess.com"]
[Source "ChessBase"]
[SourceQuality "1"]
[TimeControl "40/6000+30:3000+30"]

1. Nf3 d5 2. e3 Nf6 3. c4 e6 4. Nc3 Bd6 5. b3 O-O 6. Bb2 {[%emt 0:00:26] A17: English Opening: 1...Nf6 with ...Bb4.} Nc6 7. a3 d4 $146 ({Predecessor:} 7... dxc4 8. bxc4 e5 9. Qc2 Re8 10. d3 Bf5 11. Nd2 Bc5 12. h3 h6 13. Be2 Qd7 {1-0 Roeder,M (2404)-Wuts,F (2306) BEL-chT 0405 2004 (2)}) 8. Nxd4 Nxd4 9. exd4 c6 10. Qc2 e5 11. dxe5 Bxe5 12. f3 g6 13. O-O-O Bf5 14. d3 h5 15. Ne4 Re8 16. Bxe5 Rxe5 17. Qc3 Re6 18. Nxf6+ Rxf6 19. d4 Rd6 20. Kb2 Qg5 21. g3 Re8 22. f4 Qd8 23. c5 ({Better is} 23. Rg1 $15) 23... Rde6 $1 $19 24. Bc4 (24. a4 $17) 24... Re3 $19 25. Qb4 (25. Qd2 {keeps fighting.} Qf6 26. Ka2) 25... b5 $19 26. cxb6 axb6 27. a4 {[%emt 0:00:57] [#]} c5 $4 (27... b5 $1 $19 {[%cal Rb5c4][%mdl 512] avoids the disaster.} 28. axb5 cxb5 29. Bxb5 Qb8) 28. dxc5 $18 Qf6+ 29. Ka3 $1 bxc5 30. Qxc5 Bc2 $2 (30... R8e4 {was worth a try.}) 31. Rd6 $18 Qg7 32. Rc1 Bf5 33. Rcd1 Kh7 34. Qd4 Qf8 35. Kb2 R8e4 36. Qf6 Rxc4 37. bxc4 Re2+ 38. Kc3 (38. Ka3 $142) 38... Rc2+ $2 (38... Qb8 39. Rb6 (39. Qxf7+ Kh6 $11) 39... Qc7) 39. Kb3 $18 Qb8+ (39... Re2 $142) 40. Rb6 $18 Qc7 41. Rb4 Qa7 42. Qd4 Qa8 43. Qd5 Qh8 44. Qe5 ({Inferior is} 44. Qxf7+ Kh6 45. Ka3 Rc3+ 46. Ka2 (46. Rb3 Bc2 $11) 46... Rc2+ 47. Ka3 Rc3+ 48. Ka2 (48. Rb3 Bc2 $11) 48... Rc2+ 49. Ka3 $11) 44... Qc8 45. Rd5 Rc1 46. Kb2 Rxc4 47. Rxc4 Qxc4 48. Qd4 Qc2+ 49. Ka3 Be6 50. Qd2 Qb1 51. Rb5 Qa1+ 52. Kb4 Qb1+ 53. Ka5 Qg1 54. Kb4 $2 (54. Qd6) 54... Qb1+ $1 $18 55. Kc5 $1 Qg1+ 56. Qd4 Qc1+ 57. Kb6 Qc8 58. Rc5 $2 (58. Qd6 $18 {has better winning chances.} Qa8 59. a5) 58... Qb8+ $16 {[%emt 0:00:16] [#]} 59. Ka5 $1 Qa7+ 60. Kb4 Qb6+ 61. Kc3 Qb3+ 62. Kd2 Bg4 $2 (62... Qa2+ $1 $14 63. Rc2 Qb1) 63. Rc2 Bf5 {[%emt 0:03:05] [#]} 64. Rb2 $1 Qa3 $2 (64... Qf3 65. a5 Qa8) 65. Rb8 $18 Qa2+ 66. Ke3 1-0